 Dungeon Crawl Stone Soup version 0.31-a0-152-g6aa68a64a1 (webtiles) character file.

Game seed: 1695028830585413638

16 qw the Shooter (level 2, 0/25 HPs)
             Began as a Minotaur Hunter on June 9, 2023.
             Slain by a worm (9 damage)
             ... on level 2 of the Dungeon.
             The game lasted 00:00:15 (932 turns).

qw the Shooter (Minotaur Hunter)                     Turns: 932, Time: 00:00:15

Health: 0/25       AC:  5    Str: 15    XL:     2   Next: 37%
Magic:  1/1        EV: 11    Int:  6    God:
Gold:   46         SH:  0    Dex: 13    Spells: 1/1 levels left

rFire   . . .        Y - +1 shortbow
rCold   . . .        (shield currently unavailable)
rNeg    . . .        m - +0 ring mail
rPois   .            (helmet restricted)
rElec   .            (no cloak)
rCorr   .            (no gloves)
SInv    .            (no boots)
Will    .....        (no amulet)
Stlth   +            (no ring)
HPRegen 0.24/turn    (no ring)
MPRegen 0.07/turn

%: no passive effects
@: no status effects
A: horns 2, retaliatory headbutt
a: no special abilities


You were on level 2 of the Dungeon.
You visited 1 branch of the dungeon, and saw 2 of its levels.

You collected 46 gold pieces.


Innate Abilities, Weirdness & Mutations

You have a pair of horns on your head.
You reflexively headbutt those who attack you in melee.


   Skills:
 - Level 2.4 Fighting
 - Level 5.0 Ranged Weapons
 + Level 0.7 Armour
 - Level 2.1 Dodging
 - Level 0.7 Stealth


You had one spell level left.
You didn't know any spells.
Your spell library was empty.

Inventory:

Hand Weapons
 Y - a +1 shortbow (weapon)
Armour
 m - a +0 ring mail (worn)
Scrolls
 c - 3 scrolls of poison {unknown}
Potions
 a - 2 potions of curing {unknown}
 b - 2 potions of resistance {unknown}
 e - a potion of attraction {unknown}
 g - a potion of haste {unknown}
 h - a potion of ambrosia {unknown}
 j - a potion of brilliance {unknown}
 l - a potion of degeneration {unknown}

Dungeon Overview and Level Annotations

Branches:
Dungeon (2/15)

Altars:


Message History

The hobgoblin shouts!
The hobgoblin moves out of view.
A hobgoblin is nearby!
You shoot an arrow. The arrow hits the hobgoblin.
The hobgoblin is heavily wounded.
You shoot an arrow. The arrow closely misses the hobgoblin.
You shoot an arrow. The arrow hits the hobgoblin.
You kill the hobgoblin!
Found a stone staircase leading down.
a - 2 red potions
b - 2 fuming yellow potions You now have 36 gold pieces (gained 14).
c - 3 scrolls labelled NURHOGOYHA
There is an open door here.
You now have 46 gold pieces (gained 10).
Found a stone staircase leading up.
You open the door.
There is an open door here.
Found an escape hatch in the ceiling.
Enter note:
Enter note: A worm comes into view.
Enter note:
Enter note: You shoot an arrow.
The arrow hits the worm.
The worm is moderately wounded.
You shoot an arrow. The arrow hits the worm.
The worm is heavily wounded.
The worm bites you!
You shoot an arrow. The arrow hits the worm.
The worm is heavily wounded.
The worm bites you!
You shoot an arrow. The arrow hits the worm.
The worm is severely wounded.
You shoot an arrow. The arrow barely misses the worm.
The worm bites you.
You shoot an arrow. The arrow hits the worm.
The worm is severely wounded.
The worm bites you!
You die...

...........................
.##.#.#####.###.###.####.#.
....#...<##.# #.##.......#
###########.###. #..######
# <...<.##..# # #....# #
#.#.## ###...# #..@###
#....#.w..# #..#######.# ..
#


You could see a worm.

Vanquished Creatures
  A dart slug (D:1)
  An endoplasm (D:1)
  2 giant cockroaches
  4 hobgoblins
  A kobold (D:1)
  2 frilled lizards (D:1)
  A rat (D:2)
12 creatures vanquished.

Notes
Turn   | Place    | Note
-------+----------+-------------------------------------------
     0 | D:1      | qw the Minotaur Hunter began the quest for the Orb.
     0 | D:1      | Reached XP level 1. HP: 18/18 MP: 0/0
     0 | D:1      | 0 ||| qw: Version: 0.2-a-122-gbc61b45
     0 | D:1      | 0 ||| qw: Game counter: 3323
     0 | D:1      | 0 ||| qw: Always use a shield: true
     0 | D:1      | 0 ||| qw: God list: Okawaru
     0 | D:1      | 0 ||| qw: Allow faded altars: false
     0 | D:1      | 0 ||| qw: Do Orc after D:15 true
     0 | D:1      | 0 ||| qw: Do second Lair branch before Depths: true
     0 | D:1      | 0 ||| qw: Lair rune preference: random
     0 | D:1      | 0 ||| qw: Plans: Normal
     0 | D:1      | 0 ||| PLANNING D:1-11
   154 | D:1      | Reached XP level 2. HP: 25/25 MP: 1/1
   700 | D:1      | 700 ||| FLEEEEING.
   701 | D:1      | 701 ||| FLEEEEING.
   702 | D:1      | 702 ||| FLEEEEING.
   703 | D:1      | 703 ||| FLEEEEING.
   704 | D:1      | 704 ||| FLEEEEING.
   714 | D:1      | Reached skill level 5 in Ranged Weapons
   729 | D:1      | 729 ||| UPGRADING to +0 ring mail.
   739 | D:1      | 739 ||| DROPPING +0 leather armour.
   740 | D:1      | 740 ||| READING scroll labelled JETSESHR DIEXZE.
   741 | D:1      | 741 ||| READING scroll labelled MOYNGA BEURR.
   742 | D:1      | 742 ||| READING scroll labelled ZOVUOK TYNU.
   743 | D:1      | 743 ||| READING scroll labelled NUGAXEOREC.
   744 | D:1      | 744 ||| DROPPING scroll of butterflies.
   932 | D:2      | Slain by a worm

Levels and vault maps discovered:
D:1:      dpeg_arrival_boxorama, layout_basic
D:2:      layout_basic

Skill      XL: |  1  2 |
---------------+-------+-----
Ranged Weapons | 5 |  5.0
Fighting       | |  2.4
Armour         | |  0.7
Dodging        | |  2.1
Stealth        | |  0.7

Action                     || total
---------------------------++-------
   Fire: Shortbow          ||    40
    Use: Scroll            ||     4
  Dodge: Dodged            ||     3

Table legend:
 A = Non-vault XP
 B = Vault XP
 C = Vault XP percentage of total XP
 D = Non-vault monster count
 E = Vault monster count
 F = Vault count percentage of total count
                 A         B        C        D         E       F
            +---------+---------+-------+---------+---------+-------
      Total |      23 |       0 |   0.0 |      12 |       0 |   0.0
            +---------+---------+-------+---------+---------+-------
        D:1 |      18 |       0 |   0.0 |       9 |       0 |   0.0
        D:2 |       5 |       0 |   0.0 |       3 |       0 |   0.0
            +---------+---------+-------+---------+---------+-------
